TOP OF THE 1ST |
Nevada Noise batting - Pitching for Springfield Stars : LHP Anthony Erickson
|
Pitching: LHP Anthony Erickson
|
|
Batting: LHB Pablo Reyes
|
0-0: Ball 1-0: Foul Ball, location: 2F 1-1: Swinging Strike 1-2: Strikes out swinging
|
Batting: RHB Fernando Gálvez
|
0-0: Ball 1-0: Called Strike 1-1: Swinging Strike 1-2: Strikes out swinging
|
Batting: SHB Julián Madrid
|
0-0: Ball 1-0: Foul Ball, location: 2F 1-1: Foul Ball, location: 2F 1-2: Ball 2-2: Ground out 6-3 (Groundball, 6)
|
Top of the 1st over - 0 run(s), 0 hit(s), 0 error(s), 0 left on base; Nevada 0 - Springfield 0 |
BOTTOM OF THE 1ST |
Springfield Stars batting - Pitching for Nevada Noise : RHP Arthur López
|
Pitching: RHP Arthur López
|
|
Batting: SHB Shane Hutchinson
|
0-0: Ball 1-0: Ball 2-0: Ball 3-0: Called Strike 3-1: Base on Balls
|
Batting: RHB Calvin Bennett
|
0-0: Ball 1-0: Fly out, F7 (Flyball, 7S)
|
Batting: RHB Norberto Taváres
|
0-0: Ball 1-0: Ball 2-0: Ball 3-0: Called Strike 3-1: Foul Ball, location: 2F 3-2: Fielders Choice at 2nd, 6-4 (Groundball, 56)
|
Batting: LHB Felipe Guerrero
|
0-0: Ball 1-0: Called Strike 1-1: Foul Ball, location: 2F 1-2: Ball 2-2: Foul Ball, location: 2F 2-2: SINGLE (Flyball, 78S) Norberto Taváres to second
|
Batting: LHB Elliott Newell
|
0-0: Ball 1-0: SINGLE (Flyball, 8RS) Norberto Taváres to third Felipe Guerrero to second Runner from 3rd tries for Home, SAFE, no throw
|
Batting: RHB Will Sterling
|
0-0: Called Strike 0-1: Ball 1-1: Foul Ball, location: 2F 1-2: Ball 2-2: Fielders Choice at 2nd, 4-6 (Groundball, 4)
|
Bottom of the 1st over - 1 run(s), 2 hit(s), 0 error(s), 1 left on base; Nevada 0 - Springfield 1 |
TOP OF THE 2ND |
Nevada Noise batting - Pitching for Springfield Stars : LHP Anthony Erickson
|
Now at SS: Will Sterling
|
|
Batting: RHB Jack Bailey
|
0-0: Foul Ball, location: 2F 0-1: Fly out, F8 (Line Drive, 8LM)
|
Batting: LHB Willie Wallace
|
0-0: SOLO HOME RUN (Flyball, 9LD), Distance : 325 ft
|
Batting: RHB Rich Ruffin
|
0-0: Foul Ball, location: 2F 0-1: Ball 1-1: DOUBLE (Line Drive, 89XD)
|
Batting: LHB Tom Waller
|
0-0: Called Strike 0-1: 2-RUN HOME RUN (Flyball, 89XD), Distance : 421 ft
|
Batting: RHB Fernando Martínez
|
0-0: Ball 1-0: SINGLE (Groundball, 6) (infield hit)
|
Batting: RHB Vern Carlton
|
0-0: Ball Fernando Martínez is caught stealing 2nd base 1-0: Ball 2-0: Called Strike 2-1: Ground out 6-3 (Groundball, 56)
|
Top of the 2nd over - 3 run(s), 4 hit(s), 0 error(s), 0 left on base; Nevada 3 - Springfield 1 |
BOTTOM OF THE 2ND |
Springfield Stars batting - Pitching for Nevada Noise : RHP Arthur López
|
Batting: RHB Juan Rodríguez
|
0-0: Ball 1-0: Foul Ball, location: 2F 1-1: Called Strike 1-2: Ball 2-2: Foul Ball, location: 2F 2-2: Foul Ball, location: 2F 2-2: SINGLE (Line Drive, 34)
|
Batting: RHB Juan Carlos Rodríguez
|
0-0: Ball 1-0: Called Strike 1-1: Called Strike 1-2: Foul Ball, location: 2F 1-2: Ball 2-2: Ball 3-2: Strikes out looking
|
Batting: LHB Tom Robinson
|
0-0: Grounds into double play, 6-4-3 (Groundball, 6)
|
Bottom of the 2nd over - 0 run(s), 1 hit(s), 0 error(s), 0 left on base; Nevada 3 - Springfield 1 |
TOP OF THE 3RD |
Nevada Noise batting - Pitching for Springfield Stars : LHP Anthony Erickson
|
Batting: LHB Pablo Reyes
|
0-0: Ball 1-0: Called Strike 1-1: Swinging Strike 1-2: Ball 2-2: Strikes out swinging
|
Batting: RHB Fernando Gálvez
|
0-0: Ball 1-0: Ground out 5-3 (Groundball, 56)
|
Batting: SHB Julián Madrid
|
0-0: Called Strike 0-1: Foul Ball, location: 2F 0-2: Foul Ball, location: 2F 0-2: SINGLE (Groundball, 56S) (infield hit)
|
Batting: RHB Jack Bailey
|
0-0: Called Strike 0-1: Foul Ball, location: 2F 0-2: Reached on error, E6 (Groundball, 6) Julián Madrid to second
|
Batting: LHB Willie Wallace
|
0-0: Ball 1-0: Called Strike 1-1: Swinging Strike 1-2: Ball 2-2: Foul Ball, location: 2F 2-2: Fielders Choice at 2nd, 4-6 (Groundball, 4)
|
Top of the 3rd over - 0 run(s), 1 hit(s), 1 error(s), 1 left on base; Nevada 3 - Springfield 1 |
BOTTOM OF THE 3RD |
Springfield Stars batting - Pitching for Nevada Noise : RHP Arthur López
|
Batting: SHB Shane Hutchinson
|
0-0: Foul Ball, location: 2F 0-1: Foul Ball, location: 2F 0-2: Ball 1-2: SINGLE (Groundball, 4MD)
|
Batting: RHB Calvin Bennett
|
0-0: Ball 1-0: Ball 2-0: Foul Ball, location: 2F 2-1: Foul Ball, location: 2F 2-2: Fly out, F9 (Flyball, 9S)
|
Batting: RHB Norberto Taváres
|
0-0: Called Strike 0-1: Called Strike 0-2: Ground out 5-3 (Groundball, 56S) Shane Hutchinson to second
|
Batting: LHB Felipe Guerrero
|
0-0: Ground out 3-1 (Groundball, 34)
|
Bottom of the 3rd over - 0 run(s), 1 hit(s), 0 error(s), 1 left on base; Nevada 3 - Springfield 1 |
TOP OF THE 4TH |
Nevada Noise batting - Pitching for Springfield Stars : LHP Anthony Erickson
|
Batting: RHB Rich Ruffin
|
0-0: Called Strike 0-1: Foul Ball, location: 2F 0-2: Ground out U3 (Groundball, 23)
|
Batting: LHB Tom Waller
|
0-0: Swinging Strike 0-1: Fly out, F7 (Flyball, 7D)
|
Batting: RHB Fernando Martínez
|
0-0: Called Strike 0-1: Fly out, F9 (Flyball, 9)
|
Top of the 4th over - 0 run(s), 0 hit(s), 0 error(s), 0 left on base; Nevada 3 - Springfield 1 |
BOTTOM OF THE 4TH |
Springfield Stars batting - Pitching for Nevada Noise : RHP Arthur López
|
Batting: LHB Elliott Newell
|
0-0: Ball 1-0: Ball 2-0: Ball 3-0: Foul Ball, location: 2F 3-1: Base on Balls
|
Batting: RHB Will Sterling
|
0-0: Ball 1-0: Ball Wild Pitch! Elliott Newell to second 2-0: Called Strike 2-1: SINGLE (Groundball, 56D) Elliott Newell to third Runner from 3rd tries for Home, SAFE, throw made home
|
Batting: RHB Juan Rodríguez
|
0-0: Called Strike 0-1: Grounds into double play, 5-4-3 (Groundball, 56)
|
Batting: RHB Juan Carlos Rodríguez
|
0-0: SOLO HOME RUN (Flyball, 7D), Distance : 399 ft
|
Batting: LHB Tom Robinson
|
0-0: Swinging Strike 0-1: Ball 1-1: Fly out, F7 (Flyball, 7LS)
|
Bottom of the 4th over - 2 run(s), 2 hit(s), 0 error(s), 0 left on base; Nevada 3 - Springfield 3 |
TOP OF THE 5TH |
Nevada Noise batting - Pitching for Springfield Stars : LHP Anthony Erickson
|
Batting: RHB Vern Carlton
|
0-0: Ball 1-0: Ball 2-0: Ground out U3 (Groundball, 34D)
|
Batting: LHB Pablo Reyes
|
0-0: Swinging Strike 0-1: Foul Ball, location: 2F 0-2: Foul Ball, location: 2F 0-2: Ball 1-2: Foul Ball, location: 2F 1-2: Strikes out swinging, 2-3 out at first.
|
Batting: RHB Fernando Gálvez
|
0-0: Called Strike 0-1: Called Strike 0-2: Strikes out looking
|
Top of the 5th over - 0 run(s), 0 hit(s), 0 error(s), 0 left on base; Nevada 3 - Springfield 3 |
BOTTOM OF THE 5TH |
Springfield Stars batting - Pitching for Nevada Noise : RHP Arthur López
|
Batting: SHB Shane Hutchinson
|
0-0: Swinging Strike 0-1: Ball 1-1: Ball 2-1: Ball 3-1: Foul Ball, location: 2F 3-2: Foul Ball, location: 2F 3-2: Foul Ball, location: 2F 3-2: Foul Ball, location: 2F 3-2: Fly out, F8 (Line Drive, 78M)
|
Batting: RHB Calvin Bennett
|
0-0: SINGLE (Groundball, 56S) (infield hit)
|
Batting: RHB Norberto Taváres
|
0-0: Ball 1-0: Foul Ball, location: 2F 1-1: SINGLE (Groundball, 6MD) Calvin Bennett to second
|
Batting: LHB Felipe Guerrero
|
0-0: Called Strike 0-1: Grounds into double play, 4-6-3 (Groundball, 4)
|
Bottom of the 5th over - 0 run(s), 2 hit(s), 0 error(s), 1 left on base; Nevada 3 - Springfield 3 |
TOP OF THE 6TH |
Nevada Noise batting - Pitching for Springfield Stars : LHP Anthony Erickson
|
Batting: SHB Julián Madrid
|
0-0: SINGLE (Flyball, 8LS)
|
Batting: RHB Jack Bailey
|
0-0: SINGLE (Groundball, 6) (infield hit) Julián Madrid to second
|
Batting: LHB Willie Wallace
|
0-0: Ball 1-0: Ball 2-0: Grounds into double play, 3-6-3 (Groundball, 3) Julián Madrid to third
|
Batting: RHB Rich Ruffin
|
0-0: Called Strike 0-1: Swinging Strike 0-2: Ball 1-2: Ball 2-2: Ground out 3-1 (Groundball, 34S)
|
Top of the 6th over - 0 run(s), 2 hit(s), 0 error(s), 1 left on base; Nevada 3 - Springfield 3 |
BOTTOM OF THE 6TH |
Springfield Stars batting - Pitching for Nevada Noise : RHP Arthur López
|
Batting: LHB Elliott Newell
|
0-0: Ground out 4-3 (Groundball, 4)
|
Batting: RHB Will Sterling
|
0-0: Fly out, F7 (Flyball, 78M)
|
Batting: RHB Juan Rodríguez
|
0-0: Called Strike 0-1: Called Strike 0-2: Ball 1-2: Strikes out looking
|
Bottom of the 6th over - 0 run(s), 0 hit(s), 0 error(s), 0 left on base; Nevada 3 - Springfield 3 |
TOP OF THE 7TH |
Nevada Noise batting - Pitching for Springfield Stars : LHP Anthony Erickson
|
Pinch Hitting: RHB Pepe González
|
0-0: Foul Ball, location: 2F 0-1: Foul Ball, location: 2F 0-2: Foul Ball, location: 2F 0-2: Fly out, F7 (Flyball, 78M)
|
Batting: RHB Fernando Martínez
|
0-0: Ground out 5-3 (Groundball, 56)
|
Batting: RHB Vern Carlton
|
0-0: Ball 1-0: SINGLE (Line Drive, 8LS)
|
Pinch Hitting: RHB Jesús Hernández
|
0-0: Ball 1-0: Ball 2-0: Fly out, F9 (Flyball, 89S)
|
Top of the 7th over - 0 run(s), 1 hit(s), 0 error(s), 1 left on base; Nevada 3 - Springfield 3 |
BOTTOM OF THE 7TH |
Springfield Stars batting - Pitching for Nevada Noise : RHP Arthur López
|
Now at 1B: Pepe González
|
|
Now in LF: Max Jones
|
|
Batting: RHB Juan Carlos Rodríguez
|
0-0: Ball 1-0: Ball 2-0: SINGLE (Line Drive, 56D)
|
Batting: LHB Tom Robinson
|
0-0: Ball 1-0: Ball 2-0: Called Strike 2-1: Ball 3-1: Called Strike 3-2: Foul Ball, location: 2F 3-2: Fly out, F8 (Flyball, 8LM)
|
Batting: SHB Shane Hutchinson
|
0-0: Ball 1-0: Called Strike 1-1: Foul Ball, location: 2F 1-2: Ball 2-2: Foul Ball, location: 2F 2-2: Fielders Choice at 2nd, 6-4 (Groundball, 6)
|
Batting: RHB Calvin Bennett
|
0-0: Ball 1-0: Swinging Strike 1-1: Swinging Strike 1-2: Fielders Choice at 2nd, 4-6 (Groundball, 4)
|
Bottom of the 7th over - 0 run(s), 1 hit(s), 0 error(s), 0 left on base; Nevada 3 - Springfield 3 |
TOP OF THE 8TH |
Nevada Noise batting - Pitching for Springfield Stars : LHP Anthony Erickson
|
Pitching: RHP Luis Cortéz
|
|
Batting: RHB Fernando Gálvez
|
0-0: Ball 1-0: Foul Ball, location: 2F 1-1: Ball 2-1: Foul Ball, location: 2F 2-2: Ground out 1-3 (Groundball, 13)
|
Batting: SHB Julián Madrid
|
0-0: SINGLE (Groundball, 6D)
|
Pinch Hitting: LHB Milton Watson
|
0-0: Ball 1-0: Ball 2-0: Swinging Strike 2-1: Called Strike 2-2: Foul Ball, location: 2F 2-2: Ball 3-2: Strikes out swinging
|
Pitching: LHP Jeremy Meyer
|
|
Batting: LHB Willie Wallace
|
0-0: Fly out, F9 (Line Drive, 9D)
|
Top of the 8th over - 0 run(s), 1 hit(s), 0 error(s), 1 left on base; Nevada 3 - Springfield 3 |
BOTTOM OF THE 8TH |
Springfield Stars batting - Pitching for Nevada Noise : RHP Arthur López
|
Now in RF: Milton Watson
|
|
Batting: RHB Norberto Taváres
|
0-0: Fly out, F8 (Flyball, 78S)
|
Batting: LHB Felipe Guerrero
|
0-0: Ball 1-0: Ball 2-0: Ball 3-0: Base on Balls
|
Batting: LHB Elliott Newell
|
0-0: Ball 1-0: Foul Ball, location: 2F 1-1: Ball 2-1: 2-RUN HOME RUN (Flyball, 7D), Distance : 380 ft
|
Batting: RHB Will Sterling
|
0-0: SINGLE (Flyball, 9LS)
|
Batting: RHB Juan Rodríguez
|
0-0: Called Strike 0-1: Called Strike 0-2: Ball 1-2: Foul Ball, location: 2F 1-2: Foul Ball, location: 2F 1-2: Ball 2-2: Ball 3-2: Foul Ball, location: 2F 3-2: Base on Balls Will Sterling to second
|
Pitching: RHP Mike Pierce
|
|
Batting: RHB Juan Carlos Rodríguez
|
0-0: Called Strike 0-1: Swinging Strike 0-2: Ball 1-2: Strikes out swinging
|
Batting: LHB Tom Robinson
|
0-0: Fielders Choice at 2nd, 4-6 (Groundball, 4)
|
Bottom of the 8th over - 2 run(s), 2 hit(s), 0 error(s), 1 left on base; Nevada 3 - Springfield 5 |
TOP OF THE 9TH |
Nevada Noise batting - Pitching for Springfield Stars : LHP Jeremy Meyer
|
Pitching: RHP José Valdéz
|
|
Batting: RHB Rich Ruffin
|
0-0: Ball 1-0: Ball 2-0: Called Strike 2-1: Ground out 3-1 (Groundball, 34S)
|
Batting: RHB Pepe González
|
0-0: Ball 1-0: Foul Ball, location: 2F 1-1: Ball 2-1: Ball 3-1: Called Strike 3-2: SINGLE (Groundball, 34D)
|
Batting: RHB Fernando Martínez
|
0-0: Ball 1-0: Called Strike 1-1: SINGLE (Groundball, 56) (infield hit) Pepe González to second
|
Batting: RHB Vern Carlton
|
0-0: Foul Ball, location: 2F 0-1: Foul Ball, location: 2F 0-2: Strikes out swinging
|
Batting: RHB Max Jones
|
0-0: Ball 1-0: Ball 2-0: Fly out, F9 (Flyball, 9LS)
|
Top of the 9th over - 0 run(s), 2 hit(s), 0 error(s), 2 left on base; Nevada 3 - Springfield 5 |
|